 Dungeon Crawl Stone Soup version 0.26-a0-837-g5a8a614f01 (webtiles) character file.

Game seed: 3550323729531455110

59098 Descartes the Protected (level 15, -4/120 HPs)
             Began as a Formicid Fighter on Nov 18, 2020.
             Was an Initiate of Gozag.
             Slain by a six-headed hydra (19 damage)
             ... on level 6 of the Lair of Beasts.
             The game lasted 01:05:50 (19498 turns).

Descartes the Protected (Formicid Fighter)         Turns: 19498, Time: 01:05:51

Health: -4/120     AC: 21    Str: 22    XL:     15   Next: 32%
Magic:  22/22      EV: 12    Int: 13    God:    Gozag
Gold:   3644       SH: 11    Dex: 10    Spells: 16/24 levels left

rFire    + + +     SeeInvis +   a - +1 demon whip (venom)
rCold    + . .     Faith    .   c - +0 kite shield
rNeg     . . .     Spirit   .   A - +2 chain mail {rF+}
rPois    +         Reflect  .   (helmet unavailable)
rElec    +         Harm     .   L - +1 cloak
rCorr    +         Rampage  .   P - +1 pair of gloves
MR       ++...                  I - +0 pair of boots of the Snake Pit {rPois MR+}
Stlth    ..........             y - amulet of regeneration
HPRegen  0.70/turn              N - ring of protection from fire
MPRegen  0.18/turn              f - +4 ring of evasion

@: mighty, lethally poisoned (-4 -> -8), resistant, studying Axes
A: permanent stasis, dig shafts and tunnels, four strong arms, antennae 3
a: Dig, Shaft Self, Potion Petition, Call Merchant, Bribe Branch, Renounce
Religion


You were on level 6 of the Lair of Beasts.
You worshipped Gozag.
Gozag was most pleased with you.
You visited 2 branches of the dungeon, and saw 19 of its levels.
You also visited: Ossuary.

You collected 6584 gold pieces.
You spent 260 gold pieces at shops.
You paid 2680 gold pieces to Gozag.

Inventory:

Hand Weapons
 a - a +1 demon whip of venom (weapon)
 b - a +1 vampiric war axe
 M - a +4 dire flail of freezing
Missiles
 g - 608 stones (quivered)
 x - 35 poisoned darts
 G - 6 atropa-tipped darts
 O - a throwing net
Armour
 c - a +0 kite shield (worn)
 A - a +2 chain mail of fire resistance (worn)
 I - the +0 pair of boots of the Snake Pit (worn) {rPois MR+}
   (You found it on level 8 of the Dungeon)

   It protects you from poison.
   It affects your resistance to hostile enchantments.
 L - a +1 cloak (worn)
 P - a +1 pair of gloves (worn)
Jewellery
 f - a +4 ring of evasion (right hand)
 y - an amulet of regeneration (around neck)
 K - an uncursed ring of protection from fire
 N - a ring of protection from fire (left hand)
 R - the ring "Oxtadem" {MR+ Dex+5}
   (You found it on level 3 of the Lair of Beasts)

   [ring of protection from magic]

   It affects your dexterity (+5).
   It affects your resistance to hostile enchantments.
 T - an uncursed ring of protection from cold
Wands
 j - a wand of enslavement (24)
 r - a wand of flame (48)
 z - a wand of iceblast (16)
 E - a wand of polymorph (50)
 V - a wand of digging (5)
 W - a wand of paralysis (7)
Scrolls
 h - 14 scrolls of remove curse
 i - a scroll of vulnerability
 n - 2 scrolls of fog
 s - a scroll of magic mapping
 v - 5 scrolls of immolation {unknown}
 w - 2 scrolls of fear
 B - 7 scrolls of amnesia
 D - 2 scrolls of summoning
 H - 4 scrolls of enchant weapon
 S - 3 scrolls of enchant armour
 X - a scroll of silence {unknown}
 Z - a scroll of noise {unknown}
Potions
 d - 3 potions of might
 e - 12 potions of curing
 k - 3 potions of mutation
 l - 6 potions of flight
 o - 8 potions of lignification
 q - 3 potions of heal wounds
 t - 7 potions of brilliance
 u - 3 potions of resistance
 C - 2 potions of magic
 F - 2 potions of attraction
 J - 2 potions of invisibility
 Q - 10 potions of ambrosia
Books
 p - a manual of Axes
Miscellaneous
 m - a box of beasts
 U - a lightning rod (4/4)
 Y - a phial of floods


   Skills:
 + Level 12.1 Fighting
 + Level 12.5(13.7) Axes
 - Level 9.9(12.5) Maces & Flails
 + Level 13.7 Armour
 - Level 9.0 Shields
 - Level 5.0 Spellcasting
 + Level 12.4 Earth Magic
 + Level 4.0 Evocations


You had 16 spell levels left.
You knew the following spells:

 Your Spells              Type           Power        Failure   Level
a - Petrify               Tmut/Erth      ###.....     58%         4
b - Leda's Liquefaction   Hex/Erth       ###.......   58%         4

Your spell library contained the following spells:

 Spells                   Type           Power        Failure   Level
 Animate Skeleton         Necr           #.....       67%         1
 Apportation              Tloc           #.....       67%         1
 Beastly Appendage        Tmut           #.....       67%         1
 Corona                   Hex            #......      67%         1
 Magic Dart               Conj           #...         67%         1
 Summon Small Mammal      Summ           #...         67%         1
 Call Imp                 Summ           #.......     80%         2
 Slow                     Hex            #.......     80%         2
 Wereblood                Tmut           #.......     80%         2
 Confusing Touch          Hex            #.......     95%         3
 Conjure Flame            Conj/Fire      #.......     95%         3
 Gell's Gravitas          Tloc           #.........   95%         3
 Inner Flame              Hex/Fire       #.......     95%         3
 Mephitic Cloud           Conj/Pois/Air  #.......     95%         3
 Portal Projectile        Hex/Tloc       #.....       95%         3
 Spider Form              Tmut/Pois      #.........   95%         3
 Cause Fear               Hex            #.........   100%        4
 Ice Form                 Ice/Tmut       #.......     100%        4
 Blade Hands              Tmut           #.........   100%        5
 Metabolic Englaciation   Hex/Ice        #.........   100%        5
 Yara's Violent Unravell  Hex/Tmut       #.........   100%        5
 Dispersal                Tloc           #.........   100%        6
 Disjunction              Tloc           #.........   100%        8
 Blink                    Tloc           Unusable     N/A         2

Dungeon Overview and Level Annotations

Branches:
Dungeon (13/15)            Temple (0/1) D:7            Lair (6/6) D:8
  Swamp (0/4) Lair:3        Snake (0/4) Lair:3        Slime (0/5) Lair:6
    Orc (0/2) D:12        Ossuary (visited)
 Vaults: D:13-14

Altars:
Dithmenos
Elyvilon
Fedhas
Gozag
Kikubaaqudgha
Ru
Trog
Uskayaw
Wu Jian
The Shining One

Shops:
D:2 *   D:5 :

Annotations:
Lair:6 happy's ghost, journeyman SpEn


Innate Abilities, Weirdness & Mutations

You cannot be hasted, slowed, berserked, paralysed or teleported.
You can dig through walls and to a lower floor.
Your four strong arms can wield two-handed weapons with a shield.
You have a pair of large antennae on your head. (SInv)


Message History

The six-headed hydra barely misses you. The six-headed hydra misses you.
The six-headed hydra barely misses you.
The water moccasin bites you but does no damage.
The black mamba completely misses you.
The six-headed hydra bites you but does no damage. x2
The six-headed hydra completely misses you.
You block the six-headed hydra's attack.
The six-headed hydra misses you. The six-headed hydra bites you!
* * * LOW HITPOINT WARNING * * *
Okay, then.
You feel much better.
You feel sick. The black mamba bites you!
* * * LOW HITPOINT WARNING * * *
The water moccasin bites you!
* * * LOW HITPOINT WARNING * * *
The black mamba bites you but does no damage.
The water moccasin bites you.
* * * LOW HITPOINT WARNING * * *
The six-headed hydra bites you!!
You die...
Your body crumbles into a pile of gold.

#.###..###...###..###
.###..##......©#.##.#
..#.#.#..#.#.{.#...##
#.##..#..#.#.{{#..P#
##....##.....#{##.P##
##..#..#(.#...#.#...#
.#....©#?=.W#...#.###
###....#$#....Y##D.##
# #...##[#...#.#@S..##
###...# S#.##..##S...#
#.....#.#...#t..#....#
#.....##..#....##....#
##.....#......##.....#
.#.....##.#####......#
##......###..........#
##..................#
#..................#


You could see a six-headed hydra (berserk, very poisoned), a black mamba
(berserk) and a water moccasin (berserk).

Vanquished Creatures
  Josephine (D:12)
  A fire dragon (Lair:6)
  8 hydras
  2 catoblepae
  A boulder beetle (D:12)
  3 two-headed ogres
  The ghost of loom the Cruncher, a novice MiGl of Okawaru (D:6)
  An unseen horror (D:12)
  A lindwurm (Lair:6)
  Pikel (D:7)
  A cyclops (D:11)
  2 oklob plants (Lair:2)
  2 manticores
  An ugly thing (D:8)
  Maurice (D:11)
  A torpor snail (Lair:4)
  Joseph (D:10)
  4 black mambas
  8 elephants
  11 cane toads
  2 molten gargoyles (Lair:6)
  The ghost of 2tc the Chopper, a novice FoFi of Makhleb (D:4)
  4 rime drakes
  11 komodo dragons
  2 queen bees
  3 polar bears
  A hornet (D:8)
  4 trolls
  8 blink frogs
  8 slime creatures
  Sigmund (D:5)
  2 shadows
  2 wraiths (D:12)
  5 wyverns
  71 yaks
  9 basilisks
  4 steam dragons
  An acid dragon (D:13)
  13 water moccasins
  3 hell hounds (Lair:6)
  Duvessa (D:7)
  A black bear (Lair:4)
  5 orc warriors
  3 phantoms
  3 sky beasts
  An eye of draining (D:9)
  9 ogres
  14 wolves
  6 centaurs
  2 lemures (D:7)
  An elf zombie (D:6)
  3 big kobolds
  17 bullfrogs
  A gnoll sergeant (D:11)
  An elf skeleton (D:6)
  6 water moccasin zombies (Ossuary)
  A wyvern skeleton (D:6)
  A scorpion (D:11)
  Dowan (D:7)
  57 killer bees
  8 wights (D:11)
  3 electric eels
  7 howler monkeys
  5 lava snakes (Lair:6)
  2 centaur zombies
  3 bullfrog zombies
  5 quasits
  6 jellies
  3 centaur skeletons
  4 hounds
  An orc priest (D:12)
  A bullfrog skeleton (D:4)
  5 iguanas
  A human skeleton (D:6)
  7 orc wizards
  2 hell rats (Lair:6)
  11 worker ants
  Ijyb (D:5)
  Terence (D:3)
  4 big kobold zombies (Ossuary)
  A hound zombie (D:10)
  A hound skeleton (D:5)
  2 mummies (Ossuary)
  13 gnolls
  A howler monkey skeleton (D:5)
  5 adders
  10 river rats (Lair:6)
  A shadow imp (D:9)
  2 white imps
  3 ufetubi
  9 adder zombies (Ossuary)
  6 oozes
  An adder skeleton (D:4)
  A worm (D:2)
  8 leopard geckos
  31 orcs
  3 ball pythons
  6 bats
  7 giant cockroaches
  A gnoll zombie (Ossuary)
  19 goblins
  14 hobgoblins
  A jackal (D:8)
  4 quokkas
  2 ball python skeletons (D:4)
  9 frilled lizards
  5 hobgoblin zombies (Ossuary)
  18 kobolds
  3 kobold zombies (Ossuary)
  A leopard gecko skeleton (D:4)
  2 orc skeletons (D:6)
  5 orc zombies
  10 rats
626 creatures vanquished.

Vanquished Creatures (others)
  A manticore (D:13)
  A polar bear (Lair:6)
  A killer bee (Lair:2)
  18 fungi
  30 plants
51 creatures vanquished.

Grand Total: 677 creatures vanquished

Notes
Turn   | Place    | Note
-------+----------+-------------------------------------------
     0 | D:1      | Descartes the Formicid Fighter began the quest for the Orb.
     0 | D:1      | Reached XP level 1. HP: 18/18 MP: 1/1
   140 | D:1      | Reached XP level 2. HP: 23/24 MP: 2/2
   210 | D:1      | Reached XP level 3. HP: 24/29 MP: 3/3
   347 | D:1      | Reached skill level 5 in Shields
   793 | D:2      | Found a hide-covered altar of Uskayaw.
   796 | D:2      | Noticed a +0 dagger
   796 | D:2      | Noticed a -1 hand axe
   919 | D:2      | Reached XP level 4. HP: 35/35 MP: 4/4
  1009 | D:2      | Found a faded altar of an unknown god.
  1319 | D:2      | Found Gozag's Platinum Reserve.
  1327 | D:2      | Found a shadowy altar of Dithmenos.
  1349 | D:2      | Found a white marble altar of Elyvilon.
  1349 | D:2      | Found a glowing golden altar of the Shining One.
  1362 | D:2      | Found an ornate altar of the Wu Jian Council.
  1637 | D:2      | Found an opulent altar of Gozag.
  1653 | D:2      | Became a worshipper of Gozag Ym Sagoz the Greedy
  1770 | D:3      | Reached XP level 5. HP: 40/41 MP: 5/5
  2179 | D:3      | Noticed Terence
  2183 | D:3      | Killed Terence
  2184 | D:3      | Reached XP level 6. HP: 47/47 MP: 6/6
  2215 | D:3      | Found a bloodstained altar of Trog.
  2368 | D:3      | Found an ancient bone altar of Kikubaaqudgha.
  2634 | D:4      | Noticed an ogre
  2635 | D:4      | Found a transporter.
  2645 | D:4      | Killed an ogre
  2676 | D:4      | Noticed 2tc's ghost (novice FoFi)
  2820 | D:4      | Reached XP level 7. HP: 52/52 MP: 7/7
  2847 | D:4      | Found a transporter.
  3257 | D:4      | Killed 2tc's ghost
  3258 | D:4      | Reached skill level 5 in Armour
  3258 | D:4      | Reached XP level 8. HP: 28/58 MP: 8/8
  3260 | D:4      | Reached skill level 6 in Armour
  3425 | D:5      | Entered Level 5 of the Dungeon
  3498 | D:5      | Reached skill level 7 in Armour
  3563 | D:5      | Noticed Ijyb
  3564 | D:5      | Noticed Sigmund
  3569 | D:5      | Killed Ijyb
  3585 | D:5      | Killed Sigmund
  3675 | D:5      | Reached skill level 8 in Armour
  3789 | D:5      | Reached skill level 1 in Maces & Flails
  3848 | D:5      | Found Boukehywk's Book Emporium.
  3862 | D:5      | Bought a book of Misfortune for 260 gold pieces
  3867 | D:5      | Learned a level 4 spell: Petrify
  4090 | D:6      | Reached skill level 1 in Earth Magic
  4090 | D:6      | Reached XP level 9. HP: 65/65 MP: 9/9
  4167 | D:6      | Noticed loom's ghost (novice MiGl)
  4170 | D:6      | Found a runed translucent door.
  4194 | D:6      | Found a sand-covered staircase.
  4202 | Ossuary  | Entered an ossuary
  4792 | D:6      | Reached skill level 5 in Fighting
  5487 | D:6      | Killed loom's ghost
  5488 | D:6      | Reached skill level 9 in Armour
  5488 | D:6      | Reached skill level 1 in Spellcasting
  5488 | D:6      | Reached XP level 10. HP: 35/74 MP: 9/12
  5691 | D:7      | Found a blossoming altar of Fedhas.
  5713 | D:7      | Noticed Duvessa
  5714 | D:7      | Noticed Dowan
  5724 | D:7      | Killed Dowan
  5729 | D:7      | Killed Duvessa
  5804 | D:7      | Noticed Pikel
  5819 | D:7      | Killed Pikel
  5820 | D:7      | Reached skill level 5 in Earth Magic
  5893 | D:7      | Found a staircase to the Ecumenical Temple.
  6501 | D:8      | Got a polished leather armour
  6513 | D:8      | Identified the cursed +0 leather armour of Moojasal {Dex+4}
                  | (You found it on level 8 of the Dungeon)
  6636 | D:8      | Got a pair of smoking boots
  6647 | D:8      | Identified the +0 pair of boots of the Snake Pit {rPois
                  | MR+} (You found it on level 8 of the Dungeon)
  6654 | D:8      | Found a staircase to the Lair.
  7059 | D:8      | Found a sacrificial altar of Ru.
  7164 | Lair:1   | Entered Level 1 of the Lair of Beasts
  7164 | Lair:1   | Noticed a six-headed hydra
  7167 | Lair:1   | Noticed a komodo dragon
  7215 | D:9      | Noticed a brown ugly thing
  7235 | D:8      | Killed a brown ugly thing
  7236 | D:8      | Reached skill level 5 in Axes
  7336 | D:9      | Reached skill level 5 in Maces & Flails
  7412 | D:9      | Reached XP level 11. HP: 65/83 MP: 16/16
  7504 | D:9      | Reached skill level 10 in Armour
  8001 | D:10     | Entered Level 10 of the Dungeon
  8001 | D:10     | Noticed Joseph
  8014 | D:10     | Killed Joseph
  8175 | D:10     | Noticed a two-headed ogre
  8212 | D:10     | Killed a two-headed ogre
  8255 | D:10     | Reached skill level 5 in Spellcasting
  8358 | D:10     | Noticed a two-headed ogre
  8368 | D:10     | Killed a two-headed ogre
  8572 | D:10     | Reached XP level 12. HP: 92/92 MP: 19/19
  8833 | D:11     | Learned a level 4 spell: Leda's Liquefaction
  8997 | D:11     | Noticed Maurice
  9332 | D:11     | Killed Maurice
  9333 | D:11     | Reached skill level 11 in Armour
  9592 | D:12     | Noticed a two-headed ogre
  9604 | D:12     | Killed a two-headed ogre
  9724 | D:12     | Noticed an unseen horror
  9732 | D:12     | Noticed a boulder beetle
  9740 | D:12     | Killed an unseen horror
  9756 | D:12     | Killed a boulder beetle
  9862 | D:12     | Found a staircase to the Orcish Mines.
 10419 | D:13     | Noticed Josephine
 10592 | D:12     | Killed Josephine
 10861 | D:8      | Killed a six-headed hydra
 10862 | D:8      | Reached XP level 13. HP: 39/101 MP: 20/20
 11370 | Lair:1   | Identified a scroll of acquirement
 11374 | Lair:1   | Acquired a manual of Axes
 11406 | Lair:1   | Noticed a six-headed hydra
 11431 | Lair:1   | Killed a six-headed hydra
 11453 | Lair:1   | Reached skill level 12 in Armour
 11481 | Lair:1   | Reached skill level 10 in Earth Magic
 11816 | Lair:1   | Reached skill level 10 in Fighting
 12675 | Lair:2   | Noticed a six-headed hydra
 12703 | Lair:2   | Killed a six-headed hydra
 13220 | Lair:2   | Reached skill level 10 in Axes
 13722 | Lair:2   | Reached XP level 14. HP: 111/111 MP: 21/21
 14284 | Lair:3   | Got a crude amber ring
 14564 | Lair:3   | Found a staircase to the Swamp.
 14650 | Lair:3   | Found a staircase to the Snake Pit.
 15088 | Lair:3   | Identified the ring "Oxtadem" {MR+ Dex+5} (You found it on
                  | level 3 of the Lair of Beasts)
 15148 | Lair:4   | Reached skill level 13 in Armour
 16179 | Lair:5   | Reached skill level 1 in Evocations
 17006 | Lair:6   | Entered Level 6 of the Lair of Beasts
 17062 | Lair:6   | Found a staircase to the Slime Pits.
 17319 | Lair:6   | Reached XP level 15. HP: 52/120 MP: 22/22
 17785 | Lair:6   | Found a large runed translucent door.
 17786 | Lair:6   | Found a large runed translucent door.
 18356 | Lair:6   | Found a transporter.
 18357 | Lair:6   | Noticed happy's ghost (journeyman SpEn)
 18363 | Lair:6   | Found a transporter.
 19498 | Lair:6   | Slain by a six-headed hydra

Illustrated notes

Levels and vault maps discovered:
D:1:      sevenhm_arrival_forest_fort_large_4, layout_basic, serial_bayou_pond_b
D:2:      layout_loops_ring, nicolae_gozag_zags_fifth_avenue,
          dancing_weapons_uskayaw, nicolae_overflow_quartered_altars,
          chequers_ecumenical_altar_simple_redux,
          hangedman_abyss_or_decor_stabs, minmay_goblin_outpost
D:3:      layout_loops_ring, marbit_many_paths, bloody_trog, uniq_terence
D:4:      layout_basic, gammafunk_ghost_stat_death
D:5:      layout_rooms, serial_shops, shop, hangedman_decor_slide_cut,
          uniq_ijyb, uniq_sigmund
D:6:      layout_loops_corners, nicolae_ossuary_entry_catacombs,
          hellmonk_ghost_happy_afterlife
D:7:      layout_cave_pods, minmay_temple_entry_from_below_a, fedhas_altar_1,
          uniq_duvessa, uniq_pikel
D:8:      layout_loops_ring, lemuel_doored_altar, lair_entry_dummy,
          minmay_joined_circles
D:9:      layout_cave_pools
D:10:     layout_rooms, uniq_joseph
D:11:     layout_loops_ring, minmay_tree_intersection, uniq_maurice
D:12:     layout_cave_pools
D:13:     layout_layer_cave, basic_altar, einodemon_armed_red_devil_minivault,
          uniq_rupert, uniq_josephine
Lair:1:   layout_roguey [special_room_bee], infiniplex_staircase_pool,
          serial_bayou_shore_a
Lair:2:   regret_index_harrowing_hell_hive, layout_gridlike
Lair:3:   layout_roguey, swamp_mist_pool, dummy_snake_entry
Lair:4:   layout_regular_city, serial_bayou_shore_b, grunt_megastairs_2
Lair:5:   layout_regular_city, lemuel_fruit_tree
Lair:6:   cheibrodos_lair_end_hotspot, layout_hall_layers,
          nicolae_slime_entry_slimehenge, gammafunk_ghost_berserking_beasts,
          kennysheep_abandoned_house

Skill      XL: |  1  2  3  4  5  6  7  8  9 10 11 12 13 14 15 |
---------------+----------------------------------------------+-----
Shields        | 4 5 6 7 8 9 |  9.0
Axes           | 3 4 5 6 8 10 12 | 12.5
Armour         | 5 8 9 10 11 12 13 | 13.7
Maces & Flails | 1 3 5 6 8 9 |  9.9
Earth Magic    | 1 4 6 7 9 10 12 | 12.4
Fighting       | 5 6 8 9 10 11 12 | 12.1
Spellcasting   | 1 3 5 |  5.0
Evocations     | 2 4 |  4.0

Action                   |  1- 3 |  4- 6 |  7- 9 | 10-12 | 13-15 || total
-------------------------+-------+-------+-------+-------+-------++-------
Melee: War axe           |    93 |   180 |   229 |   337 |   757 ||  1596
       Demon whip        |       |       |   184 |   529 |   766 ||  1479
Invok: Potion Petition   |       |       |     1 |       |     6 ||     7
 Abil: Dig               |       |     1 |     1 |     3 |     6 ||    11
Evoke: Wand              |       |       |       |       |    14 ||    14
  Use: Scroll            |       |       |    14 |     3 |    10 ||    27
       Potion            |       |       |       |       |     1 ||     1
 Stab: Invisible         |       |       |     5 |       |       ||     5
       Distracted        |       |       |     1 |     5 |    13 ||    19
       Petrified         |       |       |       |       |     9 ||     9
       Petrifying        |       |       |       |       |     1 ||     1
Armor: Scale mail        |    25 |    43 |    58 |       |       ||   126
       Chain mail        |       |       |    94 |   255 |   577 ||   926
Dodge: Dodged            |    35 |    54 |   170 |   328 |   566 ||  1153
Block: Kite shield       |    64 |   157 |   300 |   450 |   778 ||  1749
       Reflection        |     1 |     2 |       |       |       ||     3

Table legend: (Time is in decaauts)
 A = Elapsed time spent in this place.
 B = Non-inter-level travel time spent in this place.
 C = Inter-level travel time spent in this place.
 D = Time resting spent in this place.
 E = Time spent auto-exploring this place.
 F = Levels seen in this place.
 G = Mean time per level.
                   A        B        C        D        E       F      G
               +--------+--------+--------+--------+--------+-----+--------+
         Total |  19195 |  17981 |   1214 |    102 |  13303 |  20 |  959.8 |
       Dungeon |  10886 |  10032 |    854 |     35 |   7395 |  13 |  837.4 |
          Lair |   7959 |   7599 |    360 |     67 |   5783 |   6 | 1326.5 |
       Ossuary |    350 |    350 |      0 |      0 |    125 |   1 |  350.0 |
               +--------+--------+--------+--------+--------+-----+--------+

Top non-repeatable levels by time:
  Lair:6: 2070 daAuts
  Lair:2: 1658 daAuts
     D:8: 1364 daAuts
  Lair:1: 1230 daAuts
     D:6: 1217 daAuts
  Lair:5: 1133 daAuts
     D:2: 997 daAuts
     D:4: 979 daAuts
    D:11: 971 daAuts
  Lair:4: 945 daAuts
  Lair:3: 921 daAuts
    D:10: 813 daAuts
     D:1: 799 daAuts
     D:3: 789 daAuts
     D:7: 784 daAuts
